 Dungeon Crawl Stone Soup version 0.21-a0-578-gc6e9d75 (webtiles) character file.

63 tidbits the Insei (level 4, 0/34 HPs)
             Began as a Gnoll Transmuter on Dec 18, 2017.
             Slain by a worm (10 damage)
             ... on level 2 of the Dungeon.
             The game lasted 00:04:30 (615 turns).

tidbits the Insei (Gnoll Transmuter)                 Turns: 615, Time: 00:04:30

Health: 0/34       AC:  3    Str: 10 (12) XL:     4   Next: 10%
Magic:  2/11       EV: 15    Int: 14 (16) God:
Gold:   17         SH:  0    Dex: 15 (16) Spells: 7/13 levels left

rFire    . . .     SeeInvis .     - Unarmed
rCold    . . .     Gourm    +   (no shield)
rNeg     + . .     Faith    .   b - +0 robe
rPois    .         Spirit   .   i - +0 helmet
rElec    .         Reflect  .   (no cloak)
rCorr    .         Harm     .   (no gloves)
MR       .....                  (no boots)
Stlth    ++........             m - amulet of the gourmand
HPRegen  0.11/turn              f - ring of positive energy
MPRegen  0.12/turn              (no ring)

@: very slightly contaminated
A: distributed training, fangs 1, strong nose
a: no special abilities


You were on level 2 of the Dungeon.
You were not hungry.

You visited 1 branch of the dungeon, and saw 3 of its levels.

You collected 17 gold pieces.

Inventory:

Hand Weapons
 e - a +0 dagger
Missiles
 a - 8 arrows
 n - 38 stones (quivered)
Armour
 b - a +0 robe (worn)
 h - a +0 ring mail
 i - a +0 helmet (worn)
 l - a +0 shield
Jewellery
 f - a ring of positive energy (left hand)
   (You found it on level 1 of the Dungeon)
 m - an amulet of the gourmand (around neck)
   (You found it on level 2 of the Dungeon)
Scrolls
 g - 2 scrolls of remove curse {unknown}
 j - a scroll of amnesia {unknown}
 k - 2 scrolls of identify {unknown}
Books
 c - a book of Changes

   Spells                             Type                      Level
   a - Beastly Appendage              Transmutation                1
   b - Sticks to Snakes               Transmutation                2
   c - Spider Form                    Transmutation/Poison         3
   d - Ice Form                       Ice/Transmutation            4
   e - Blade Hands                    Transmutation                5
Comestibles
 d - 3 rations


   Skills:
 + Level 2.7 Fighting
 + Level 1.0 Short Blades
 + Level 1.0 Long Blades
 + Level 1.0 Axes
 + Level 1.0 Maces & Flails
 + Level 1.0 Polearms
 + Level 1.0 Staves
 + Level 1.0 Slings
 + Level 1.0 Bows
 + Level 1.0 Crossbows
 + Level 1.0 Throwing
 + Level 1.0 Armour
 + Level 4.6 Dodging
 + Level 1.0 Stealth
 + Level 1.0 Shields
 + Level 6.5 Unarmed Combat
 + Level 5.0 Spellcasting
 + Level 0.7 Conjurations
 + Level 0.7 Hexes
 + Level 0.7 Charms
 + Level 0.7 Summonings
 + Level 0.7 Necromancy
 + Level 0.7 Translocations
 + Level 3.8 Transmutations
 + Level 0.7 Fire Magic
 + Level 0.7 Ice Magic
 + Level 0.7 Air Magic
 + Level 0.7 Earth Magic
 + Level 0.7 Poison Magic
 + Level 1.1 Invocations
 + Level 1.0 Evocations


You had 7 spell levels left.
You knew the following spells:

 Your Spells              Type           Power        Failure   Level  Hunger
e - Beastly Appendage     Tmut           ##....       3%          1    None
k - Sticks to Snakes      Tmut           ##......     5%          2    ##.....
p - Spider Form           Tmut/Pois      #.........   21%         3    ###....


Dungeon Overview and Level Annotations

Branches:
Dungeon (3/15)

Altars:


Innate Abilities, Weirdness & Mutations

Your experience applies equally to all skills.
You have very sharp teeth.
Your uncanny sense of smell can sniff out nearby items.


Message History

You climb upwards.
There is a stone staircase leading down here.
It was a potion of degeneration.
There was something very wrong with that liquid.
You feel weakened.
You feel dopey.
You feel clumsy.
You feel sick.
Found a stone staircase leading down.
You feel sick.
Found a shield.
n - 38 stones (gained 19)
You feel sick.
You are no longer poisoned.
There is a stone staircase leading down here.
You see here a shield.
l - a shield
There is a stone staircase leading down here.
You climb downwards.
You hear the sound of rushing water.
There is an entrance to a sewer on this level.
Hurry and find it before the portal rusts away!
A kobold comes into view. It is wielding a club.
The kobold shouts!
The kobold throws a stone.
The stone closely misses you.
Found an escape hatch in the floor.
An adder comes into view.
There is a stone staircase leading up here.
You see here a stone.
The kobold throws a stone.
The stone hits you but does no damage.
You climb upwards.
There is a stone staircase leading down here.
A giant cockroach comes into view.
The giant cockroach closely misses you.
Casting: Spider Form
Confirm with . or Enter, or press ? or * to list all spells.
You miscast Spider Form.
You are very lightly contaminated with residual magic.
Your skin glows momentarily.
Casting: Spider Form
Confirm with . or Enter, or press ? or * to list all spells.
You turn into a venomous arachnid creature.
Your +0 helmet melds into your body.
Your +0 robe melds into your body.
The giant cockroach closely misses you. The giant cockroach barely misses you.
The giant cockroach completely misses you.
The giant cockroach misses you. The giant cockroach closely misses you.
You closely miss the giant cockroach.
The giant cockroach bites you but does no damage.
You completely miss the giant cockroach.
The giant cockroach misses you.
You bite the giant cockroach!
You kill the giant cockroach!
Your transformation is almost over.
You hit the giant cockroach.
The giant cockroach is poisoned.
The giant cockroach is severely wounded.
You kill the giant cockroach!
Your transformation has ended.
Your +0 helmet unmelds from your body.
Your +0 robe unmelds from your body.
A dart slug comes into view.
A rat comes into view.
The dart slug moves out of view.
You hit the rat. Your bite misses the rat.
The rat is moderately wounded.
Casting: Spider Form
Confirm with . or Enter, or press ? or * to list all spells.
You turn into a venomous arachnid creature.
Your +0 helmet melds into your body.
Your +0 robe melds into your body.
The rat misses you.
You hit the rat.
You kill the rat!
Your transformation is almost over.
Found a ring mail.
A rat comes into view.
Casting: Spider Form
Confirm with . or Enter, or press ? or * to list all spells.
You miscast Sticks to Snakes.
You feel a strange surge of energy! The dart slug launches a dart at you.
The slug dart misses you.
Casting: Sticks to Snakes
Confirm with . or Enter, or press ? or * to list all spells.
You create a snake!
You now have 8 arrows.
Your ball python barely misses the worm.
Your ball python grabs the worm.
Your ball python constricts the worm.
The worm struggles to escape constriction.
You barely miss the rat.
Your ball python bites the worm.
Your ball python constricts the worm.
You bite the rat!
You kill the rat!
Your ball python bites the worm.
Your ball python constricts the worm.
The worm struggles to escape constriction.
Your transformation has ended.
Your +0 helmet unmelds from your body.
Your +0 robe unmelds from your body.
Your ball python bites the worm.
Your ball python constricts the worm.
The dart slug launches a dart at you. The slug dart hits you!
* * * LOW HITPOINT WARNING * * *
You punch the worm!
The worm is severely wounded.
Your ball python bites the worm.
Your ball python constricts the worm.
The worm bites you!
You die...

....†......### ####.
....######...#..........
....########...####.....
.............###.. .[...
...........### #.##....
>.....####..####.#...
........###.##.....# .#
....##.........#ww##..#
........##..##.S@....#
#...###.##...K...###.#
#.#.# #..........#
....###...#.####>#
##.......##..###.# #
#.##...........# #
......(.......# #
#.s.(.(....(# #
#....w.†(...#


You could see a worm, a dart slug, a kobold and a friendly ball python.

Vanquished Creatures
  2 adders (D:2)
  An ooze (D:1)
  2 dart slugs
  2 giant cockroaches (D:2)
  4 goblins
  3 hobgoblins (D:1)
  2 jackals (D:2)
  4 kobolds (D:1)
  A ball python (D:2)
  3 bats
  2 frilled lizards (D:1)
  6 rats
32 creatures vanquished.

Vanquished Creatures (collateral kills)
  An adder (D:2)
  2 kobolds (D:2)
3 creatures vanquished.

Grand Total: 35 creatures vanquished

Notes
Turn   | Place    | Note
-------+----------+-------------------------------------------
     0 | D:1      | tidbits the Gnoll Transmuter began the quest for the Orb.
     0 | D:1      | Reached XP level 1. HP: 17/17 MP: 6/6
   102 | D:1      | Reached XP level 2. HP: 17/23 MP: 5/7
   106 | D:1      | Learned a level 2 spell: Sticks to Snakes
   354 | D:2      | Reached XP level 3. HP: 15/28 MP: 2/9
   361 | D:2      | Reached skill level 5 in Spellcasting
   376 | D:2      | Learned a level 3 spell: Spider Form
   416 | D:2      | Reached skill level 1 in Invocations
   536 | D:2      | Reached skill level 1 in Short Blades
   536 | D:2      | Reached skill level 1 in Long Blades
   536 | D:2      | Reached skill level 1 in Axes
   536 | D:2      | Reached skill level 1 in Maces & Flails
   536 | D:2      | Reached skill level 1 in Polearms
   536 | D:2      | Reached skill level 1 in Staves
   536 | D:2      | Reached skill level 1 in Slings
   536 | D:2      | Reached skill level 1 in Bows
   536 | D:2      | Reached skill level 1 in Crossbows
   536 | D:2      | Reached skill level 1 in Throwing
   536 | D:2      | Reached skill level 1 in Armour
   536 | D:2      | Reached skill level 1 in Stealth
   536 | D:2      | Reached skill level 1 in Shields
   536 | D:2      | Reached skill level 1 in Evocations
   536 | D:2      | Reached XP level 4. HP: 13/34 MP: 6/11
   615 | D:2      | Slain by a worm

Vault maps used:
D:1:      sevenhm_arrival_forest_fort_small_5, minivault_14
D:2:      minmay_tetromino_o2
D:3:      portal_sewer_entry_e, tgw_trog

Skill      XL: |  1  2  3 |
---------------+----------+-----
Spellcasting   | 5 |  5.0
Invocations    | 1 |  1.1
Short Blades   | 1 |  1.0
Long Blades    | 1 |  1.0
Axes           | 1 |  1.0
Maces & Flails | 1 |  1.0
Polearms       | 1 |  1.0
Staves         | 1 |  1.0
Slings         | 1 |  1.0
Bows           | 1 |  1.0
Crossbows      | 1 |  1.0
Throwing       | 1 |  1.0
Armour         | 1 |  1.0
Stealth        | 1 |  1.0
Shields        | 1 |  1.0
Evocations     | 1 |  1.0
Fighting       | |  2.7
Dodging        | |  4.6
Unarmed Combat | |  6.5
Conjurations   | |  0.7
Hexes          | |  0.7
Charms         | |  0.7
Summonings     | |  0.7
Necromancy     | |  0.7
Translocations | |  0.7
Transmutations | |  3.8
Fire Magic     | |  0.7
Ice Magic      | |  0.7
Air Magic      | |  0.7
Earth Magic    | |  0.7
Poison Magic   | |  0.7

Action                   |  1- 3 |  4- 6 || total
-------------------------+-------+-------++-------
Melee: Unarmed           |    72 |    12 ||    84
       Headbutt          |     1 |       ||     1
       Kick              |     6 |       ||     6
       Bite              |     4 |       ||     4
 Cast: Beastly Appendage |    11 |       ||    11
       Sticks to Snakes  |     3 |     1 ||     4
       Spider Form       |     3 |     2 ||     5
  Use: Potion            |       |     1 ||     1
Armor: Robe              |     4 |     1 ||     5
       Skin              |     6 |     2 ||     8
Dodge: Dodged            |    66 |    13 ||    79

Table legend:
 A = Spawn XP
 B = Non-spawn XP
 C = Spawn XP percentage of total XP
 D = Spawn monster count
 E = Non-spawn monster count
 F = Spawn count percentage of total count
 G = Total turns spent on level
                    A         B        C        D         E        F      G
               +---------+---------+-------+---------+---------+-------+---------
         Total |       0 |      91 |   0.0 |       0 |      35 |   0.0 |   615
               +---------+---------+-------+---------+---------+-------+---------
           D:1 |       0 |      32 |   0.0 |       0 |      16 |   0.0 |   405
           D:2 |       0 |      59 |   0.0 |       0 |      19 |   0.0 |   206
               +---------+---------+-------+---------+---------+-------+---------

Table legend:
 A = Turns spent in this place as a percentage of turns spent in the entire game.
 B = Non-inter-level travel turns spent in this place as a percentage of non-inter-level travel turns spent in the entire game.
 C = Inter-level travel turns spent in this place as a percentage of turns spent in this place.
 D = Turns resting spent in this place as a percentage of non-inter-level travel turns spent in this place.
 E = Turns spent auto-exploring this place as a percentage of non-inter-level travel turns spent in this place.
 F = Non-inter-level travel turns spent in this place divided by the number of levels of this place that you've seen.
                   A       B       C       D       E      F
               +-------+-------+-------+-------+-------+----------------------
         Total | 100.0 | 100.0 |   0.0 |   0.0 |   0.0 | 205.0
       Dungeon | 100.0 | 100.0 |   0.0 |   0.0 |   0.0 | 205.0
               +-------+-------+-------+-------+-------+----------------------

Table legend:
 A = Kills in this place as a percentage of kills in entire the game.
 B = Kills by you in this place as a percentage of kills by you in the entire game.
 C = Kills by friends in this place as a percentage of kills by friends in the entire game.
 D = Other kills in this place as a percentage of other kills in the entire game.
 E = Experience gained in this place as a percentage of experience gained in the entire game.
 F = Experience gained in this place divided by the number of levels of this place that you have seen.
                   A       B       C       D       E      F
               +-------+-------+-------+-------+-------+----------------------
         Total | 100.0 | 100.0 | 100.0 |   N/A | 100.0 |  30.3
       Dungeon | 100.0 | 100.0 | 100.0 |   N/A | 100.0 |  30.3
               +-------+-------+-------+-------+-------+----------------------

Vault maps used:
D:1:      sevenhm_arrival_forest_fort_small_5, minivault_14
D:2:      minmay_tetromino_o2
D:3:      portal_sewer_entry_e, tgw_trog
